 Dungeon Crawl Stone Soup version 0.25.1-2-g60ff931df9 (webtiles) character file.

Game seed: 12348000087551664362

48628 DearestLeader the Severer (level 14, -14/98 HPs)
             Began as a Demonspawn Gladiator on Oct 17, 2020.
             Was a Priest of Qazlal.
             Demolished by an orc warrior
             ... wielding a +0 flail
             ... led by an orc warlord
              (21 damage)
             ... on level 2 of the Orcish Mines on Oct 18, 2020.
             The game lasted 00:41:37 (20133 turns).

DearestLeader the Severer (Demonspawn Gladiator)   Turns: 20133, Time: 00:41:38

Health: -14/98     AC: 28    Str: 24    XL:     14   Next: 13%
Magic:  9/23       EV: 13    Int: 23    God:    Qazlal [***...]
Gold:   913        SH:  4    Dex: 16    Spells: 13/13 levels left

rFire    . . .     SeeInvis .   p - +3 battleaxe
rCold    + . .     Gourm    .   (shield currently unavailable)
rNeg     . . .     Faith    .   I - +5 chain mail "Peung" {+Fly Int+3}
rPois    .         Spirit   .   (helmet restricted)
rElec    .         Reflect  .   E - +0 cloak
rCorr    .         Harm     .   r - +2 pair of gloves of Tomorrow {Int+4 Stlth+}
MR       +....                  R - +2 pair of boots {run}
Stlth    ..........             b - amulet of regeneration
HPRegen  0.66/turn              T - +6 ring of strength
MPRegen  0.18/turn              A - +6 ring of intelligence

@: quick
A: horns 2, yellow scales 2, cold resistance 1, nightstalker 1, freezing cloud
immunity
a: Upheaval, Elemental Force, Renounce Religion, Evoke Flight


You were on level 2 of the Orcish Mines.
You worshipped Qazlal.
Qazlal was most pleased with you.
You were not hungry.

You visited 4 branches of the dungeon, and saw 20 of its levels.

You collected 1577 gold pieces.
You spent 664 gold pieces at shops.

Inventory:

Hand Weapons
 p - a +3 battleaxe (weapon)
Missiles
 d - 7 throwing nets
 l - 61 poisoned darts (quivered)
Armour
 r - the +2 pair of gloves of Tomorrow (worn) {Int+4 Stlth+}
   (You found it on level 4 of the Dungeon)

   It affects your intelligence (+4).
   It makes you more stealthy.
 B - a +0 plate armour
 E - a +0 cloak (worn)
 I - the +5 chain mail "Peung" (worn) {+Fly Int+3}
   (You found it on level 10 of the Dungeon)

   It affects your intelligence (+3).
   It lets you fly.
 R - a +2 pair of boots of running (worn)
Jewellery
 b - an amulet of regeneration (around neck)
 g - a +6 ring of dexterity
 m - an uncursed ring of see invisible
 A - a +6 ring of intelligence (right hand)
 D - the ring of Midsummer {Fire *Corrode +Fly Dex+2 SInv}
   (You bought it in a shop on level 7 of the Dungeon)

   [ring of fire]

   It enhances your fire magic.
   It affects your dexterity (+2).
   It protects you from fire.
   It makes you vulnerable to cold.
   It lets you see invisible.
   It lets you fly.
   It may corrode you when you take damage.
 G - an uncursed ring of protection from fire
 T - a +6 ring of strength (left hand)
Wands
 a - a wand of flame (31)
 o - a wand of disintegration (11)
 v - a wand of random effects (42)
 y - a wand of paralysis (13)
 H - a wand of enslavement (9)
 N - a wand of polymorph (5)
 P - a wand of clouds (7)
 X - a wand of acid (4)
Scrolls
 c - 5 scrolls of remove curse
 e - 6 scrolls of magic mapping
 h - 3 scrolls of blinking
 j - 2 scrolls of amnesia
 k - 5 scrolls of immolation
 n - 2 scrolls of noise {unknown}
 u - 11 scrolls of teleportation
 w - a scroll of vulnerability {unknown}
 x - 3 scrolls of enchant armour
 F - 2 scrolls of fear {unknown}
 K - 5 scrolls of enchant weapon
 Q - a scroll of acquirement {unknown}
 S - a scroll of fog {unknown}
 Y - 2 scrolls of identify
Potions
 i - 3 potions of flight
 q - 2 potions of curing
 s - 3 potions of lignification
 t - a potion of magic
 z - a potion of brilliance {unknown}
 C - a potion of cancellation {unknown}
 J - 2 potions of haste
 L - a potion of degeneration {unknown}
 M - a potion of ambrosia {unknown}
 O - a potion of berserk rage {unknown}
 U - a potion of resistance {unknown}
 V - a potion of stabbing {unknown}
Comestibles
 f - 24 rations
 W - 2 chunks of flesh


   Skills:
 - Level 5.1 Fighting
 * Level 15.2 Axes
 - Level 1.7 Throwing
 + Level 11.9 Armour
 + Level 6.9 Dodging
 + Level 12.3 Invocations


You had 13 spell levels left.
You didn't know any spells.
Your spell library contained the following spells:

 Spells                   Type           Power        Failure   Level  Hunger
 Foxfire                  Conj/Fire      #...         58%         1    ##.....
 Magic Dart               Conj           #...         58%         1    ##.....
 Sandblast                Erth           #.....       58%         1    ##.....
 Passwall                 Tmut/Erth      #.......     75%         2    ###....
 Searing Ray              Conj           #.....       75%         2    ###....
 Conjure Flame            Conj/Fire      #.......     92%         3    ####...
 Dazzling Flash           Conj/Hex       #.....       92%         3    ####...
 Inner Flame              Hex/Fire       #.......     92%         3    ####...
 Stone Arrow              Conj/Erth      #.....       92%         3    ####...
 Cause Fear               Hex            #.........   100%        4    #####..
 Fulminant Prism          Conj/Hex       #.........   100%        4    #####..
 Iskenderun's Mystic Bla  Conj/Tloc      #.......     100%        4    #####..
 Petrify                  Tmut/Erth      #.......     100%        4    #####..
 Sticky Flame             Conj/Fire      #.......     100%        4    #####..
 Fireball                 Conj/Fire      #.........   100%        5    ######.
 Lee's Rapid Deconstruct  Erth           #.........   100%        5    ######.
 Silence                  Hex/Air        #.........   100%        5    ######.
 Yara's Violent Unravell  Hex/Tmut       #.........   100%        5    ######.
 Discord                  Hex            #.........   100%        8    #######


Dungeon Overview and Level Annotations

Branches:
Dungeon (11/15)            Temple (1/1) D:4            Lair (6/6) D:10
  Swamp (0/4) Lair:3       Spider (0/4) Lair:2        Slime (0/5) Lair:6
    Orc (2/2) D:10
    Elf: Orc:2

Altars:
Ashenzari
Cheibriados
Dithmenos
Fedhas
Gozag
Hepliaklqana
Kikubaaqudgha
Makhleb
Okawaru
Qazlal
Ru
Trog
Uskayaw
Vehumet
Xom
Yredelemnul
Zin
The Shining One

Shops:
D:5 ([!%?   D:7 *   Orc:1 ?


Innate Abilities, Weirdness & Mutations

You have a pair of horns on your head.
You are mostly covered in yellow scales. (AC +3)
Your flesh is cold resistant. (rC+)
You are slightly more attuned to the shadows.
You are immune to freezing clouds.


Message History

There is a stone staircase leading down here.
You block the orc warrior's attack.
You climb downwards.
There is a stone staircase leading up here.
An orc warrior is nearby!
You barely miss the orc warrior.
The orc warrior hits you with a +0 flail!
* * * LOW HITPOINT WARNING * * *
You closely miss the orc warrior.
The orc warrior hits you with a +0 flail!
* * * LOW HITPOINT WARNING * * *
You barely miss the orc warrior. Your headbutt misses the orc warrior.
You closely miss the orc warrior. Your headbutt misses the orc warrior.
The orc warrior barely misses you.
You closely miss the orc warrior. Your headbutt misses the orc warrior.
You block the orc warrior's attack.
You slash the orc warrior! Your headbutt misses the orc warrior.
The orc warrior is heavily wounded.
The orc warrior hits you with a +0 flail!!
You die...

.#........##
..$........#
......$)....<#
........[[...#
........)[..##
.$......[[...#
.........)..##
.....°.......#
.....o@......#
......#☼....##
.............#
.............#
............##
..#.........#
.###.........


You could see an orc warrior (strong).

Vanquished Creatures
  2 hydras
  Harold (D:7)
  2 catoblepae
  A deep troll shaman (Lair:6)
  A two-headed ogre (D:8)
  15 death yaks
  A lindwurm (Lair:6)
  A wolf spider (Lair:2)
  2 cyclopes (D:11)
  An orc sorcerer (Orc:2)
  5 elephants
  Maurice (D:9)
  5 black mambas
  Psyche (D:9)
  12 spiny frogs
  9 komodo dragons
  3 trolls
  4 polar bears (Lair:6)
  14 blink frogs
  A hornet (D:9)
  A slime creature (Lair:6)
  7 hippogriffs
  A wyvern (Lair:4)
  39 yaks
  A basilisk (Lair:2)
  4 vampire mosquitoes (Lair:3)
  3 hungry ghosts
  18 water moccasins
  12 porcupines
  10 orc warriors
  4 black bears
  2 ice beasts
  4 phantoms
  21 wolves
  3 ogres
  4 centaurs
  11 crocodiles
  A big kobold (D:10)
  13 bullfrogs
  3 scorpions
  A water moccasin skeleton (D:10)
  4 wights (D:8)
  4 electric eels
  3 howler monkeys
  3 crimson imps
  6 orc priests
  A bullfrog zombie (D:10)
  8 hounds
  5 jellies
  2 bullfrog skeletons
  20 orc wizards
  2 iguanas
  8 worker ants
  3 hound skeletons
  A worker ant zombie (D:7)
  4 gnolls (D:3)
  12 adders
  4 shadow imps
  An ooze (D:2)
  An adder zombie (D:8)
  A worm (D:5)
  2 dart slugs
  7 leopard geckos
  66 orcs
  3 giant cockroaches
  5 goblins
  4 hobgoblins
  6 jackals
  2 quokkas
  A ball python (D:1)
  6 bats
  4 frilled lizards
  10 kobolds
  A quokka skeleton (D:4)
  A quokka zombie (D:9)
  8 rats
  6 fungi
  4 plants (Lair:6)
474 creatures vanquished.

Vanquished Creatures (others)
  An orc (D:10)
  9 fungi
  11 plants
21 creatures vanquished.

Grand Total: 495 creatures vanquished

Notes
Turn   | Place    | Note
-------+----------+-------------------------------------------
     0 | D:1      | DearestLeader the Demonspawn Gladiator began the quest for
                  | the Orb.
     0 | D:1      | Reached XP level 1. HP: 16/16 MP: 1/1
    98 | D:1      | Gained mutation: Your flesh is cold resistant. (rC+)
                  | [demonic ancestry]
    98 | D:1      | Reached XP level 2. HP: 19/23 MP: 2/2
   615 | D:2      | Gained mutation: You have a pair of small horns on your
                  | head. [demonic ancestry]
   615 | D:2      | Reached XP level 3. HP: 5/28 MP: 3/3
  1569 | D:2      | Gained mutation: You are partially covered in yellow
                  | scales. (AC +2) [demonic ancestry]
  1569 | D:2      | Reached XP level 4. HP: 24/35 MP: 4/4
  2396 | D:3      | Reached skill level 1 in Armour
  2793 | D:3      | Gained mutation: You are immune to freezing clouds.
                  | [demonic ancestry]
  2793 | D:3      | Reached XP level 5. HP: 38/42 MP: 5/5
  2920 | D:4      | Found a staircase to the Ecumenical Temple.
  2933 | Temple   | Entered the Ecumenical Temple
  3059 | Temple   | Became a worshipper of Qazlal Stormbringer
  3284 | D:4      | Gained mutation: You have a pair of horns on your head.
                  | [demonic ancestry]
  3284 | D:4      | Reached XP level 6. HP: 28/48 MP: 6/6
  3290 | D:4      | Got a pair of bloodstained gloves
  3300 | D:4      | Identified the +2 pair of gloves of Tomorrow {Int+4 Stlth+}
                  | (You found it on level 4 of the Dungeon)
  3597 | D:4      | Found a glowing golden altar of the Shining One.
  3600 | D:4      | Found a hide-covered altar of Uskayaw.
  3601 | D:4      | Found a shadowy altar of Dithmenos.
  3602 | D:4      | Found a sacrificial altar of Ru.
  3603 | D:4      | Found a shattered altar of Ashenzari.
  3683 | D:5      | Entered Level 5 of the Dungeon
  3703 | D:5      | Noticed a water moccasin
  3725 | D:4      | Killed a water moccasin
  3986 | D:5      | Found Xotoox's Food Boutique.
  4012 | D:5      | Found Benniq's Armour Boutique.
  4080 | D:5      | Reached XP level 7. HP: 33/55 MP: 7/7
  4336 | D:5      | Reached skill level 5 in Fighting
  4357 | D:5      | Noticed a moth of wrath
  4360 | D:5      | Found a bloodstained altar of Trog.
  4367 | D:5      | Reached * piety under Qazlal
  4475 | D:5      | Found Ufefoami's Magic Scroll Shoppe.
  4498 | D:5      | Bought a scroll of blinking for 82 gold pieces
  4498 | D:5      | Bought a scroll of teleportation for 33 gold pieces
  4548 | D:5      | Reached skill level 3 in Axes
  4563 | D:5      | Reached skill level 5 in Armour
  4576 | D:5      | Reached skill level 4 in Axes
  4743 | D:5      | Reached XP level 8. HP: 43/62 MP: 8/8
  4945 | D:5      | Found Xanount Gaba's Distillery.
  5076 | D:5      | Found Toffawuw's Weapon Shoppe.
  5449 | D:6      | Found a blossoming altar of Fedhas.
  5595 | D:6      | Reached skill level 5 in Axes
  6037 | D:8      | Reached skill level 6 in Axes
  6281 | D:7      | Found a radiant altar of Vehumet.
  6302 | D:7      | Noticed Harold
  6317 | D:7      | Killed Harold
  6317 | D:7      | Reached ** piety under Qazlal
  6317 | D:7      | Reached skill level 7 in Axes
  6317 | D:7      | Reached XP level 9. HP: 37/68 MP: 9/9
  6348 | D:7      | Found Deplaff's Assorted Antiques.
  6356 | D:7      | Reached skill level 8 in Axes
  6635 | D:7      | Bought a flickering granite ring for 145 gold pieces
  6636 | D:7      | Identified the ring of Midsummer {Fire *Corrode +Fly Dex+2
                  | SInv} (You bought it in a shop on level 7 of the Dungeon)
  7122 | D:8      | Noticed a two-headed ogre
  7130 | D:8      | Killed a two-headed ogre
  7130 | D:8      | Reached skill level 9 in Axes
  7663 | D:8      | Reached XP level 10. HP: 64/74 MP: 10/10
  8015 | D:9      | Noticed Psyche
  8018 | D:9      | Noticed Maurice
  8023 | D:9      | Killed Psyche
  8037 | D:9      | Killed Maurice
  8361 | D:9      | Reached skill level 10 in Axes
  8548 | D:9      | Reached skill level 1 in Invocations
  8642 | D:9      | Paralysed by a hornet for 2 turns
  8646 | D:9      | Paralysed by a hornet for 1 turns
  9244 | D:10     | Entered Level 10 of the Dungeon
  9286 | D:10     | Got a twisted chain mail
  9296 | D:10     | Identified the +5 chain mail "Peung" {+Fly Int+3} (You
                  | found it on level 10 of the Dungeon)
  9548 | D:10     | Reached *** piety under Qazlal
  9576 | D:10     | Found a staircase to the Lair.
 10493 | D:10     | Reached skill level 11 in Axes
 10506 | D:10     | Reached XP level 11. HP: 56/79 MP: 14/14
 10508 | D:10     | Reached skill level 5 in Invocations
 10511 | D:10     | Reached **** piety under Qazlal
 10603 | D:10     | Found a staircase to the Orcish Mines.
 11369 | D:11     | Noticed an unseen horror
 11712 | Lair:1   | Entered Level 1 of the Lair of Beasts
 12738 | Lair:1   | Reached skill level 12 in Axes
 12822 | Lair:2   | Found a hole to the Spider Nest.
 12822 | Lair:2   | Noticed a wolf spider
 12841 | Lair:2   | Killed a wolf spider
 12841 | Lair:2   | Reached skill level 10 in Armour
 13675 | Lair:3   | Reached ***** piety under Qazlal
 13684 | Lair:3   | Gained mutation: You are slightly more attuned to the
                  | shadows. [demonic ancestry]
 13684 | Lair:3   | Reached XP level 12. HP: 44/86 MP: 18/18
 13695 | Lair:3   | Noticed a five-headed hydra
 14119 | Lair:3   | Reached skill level 13 in Axes
 14131 | Lair:3   | Found a staircase to the Swamp.
 14252 | Lair:3   | Killed a six-headed hydra
 14662 | Lair:3   | Found the +8 whip "Snakebite" {curare, rPois}
 16098 | Lair:5   | Reached skill level 10 in Invocations
 16564 | D:5      | Bought a +1 pair of boots of running for 365 gold pieces
 16855 | Lair:5   | Noticed a death yak
 16861 | Lair:5   | Noticed a death yak
 16866 | Lair:5   | Noticed a death yak
 16871 | Lair:5   | Noticed a death yak
 16873 | Lair:5   | Noticed a death yak
 16880 | Lair:5   | Noticed a catoblepas
 16881 | Lair:5   | Killed a death yak
 16885 | Lair:5   | Killed a death yak
 16894 | Lair:5   | Killed a death yak
 16935 | Lair:5   | Killed a catoblepas
 16935 | Lair:5   | Killed a death yak
 16935 | Lair:5   | Reached skill level 5 in Dodging
 16935 | Lair:5   | Reached XP level 13. HP: 67/91 MP: 7/20
 16938 | Lair:5   | Reached skill level 14 in Axes
 17966 | Lair:6   | Entered Level 6 of the Lair of Beasts
 18488 | Lair:6   | Found a staircase to the Slime Pits.
 19043 | Lair:6   | Reached skill level 15 in Axes
 19192 | Lair:6   | Gained mutation: You are mostly covered in yellow scales.
                  | (AC +3) [demonic ancestry]
 19192 | Lair:6   | Reached XP level 14. HP: 98/98 MP: 23/23
 19793 | Orc:1    | Entered Level 1 of the Orcish Mines
 19804 | Orc:1    | Found Jiabedgho's Magic Scroll Shoppe.
 19863 | Orc:1    | Bought a scroll of teleportation for 39 gold pieces
 20085 | Orc:2    | Entered Level 2 of the Orcish Mines
 20117 | Orc:1    | Noticed an orc warlord
 20133 | Orc:2    | Demolished by an orc warrior

Illustrated notes

Levels and vault maps discovered:
D:1:      doesnt_arrival_eight_statues, layout_rooms
D:2:      layout_loops_cross
D:3:      layout_loops_ring
D:4:      layout_basic, grunt_temple_overflow_open, minmay_temple_entry_slanted
D:5:      minmay_opposing_rooms, layout_cave_pools, tgw_trog, serial_shops,
          nicolae_shop_window_shopping, shop, shop, shop, kennysheep_mini_moat,
          first_ration
D:6:      layout_basic, minmay_door_square, eino_tiny_chamber, fedhas_altar_3
D:7:      layout_loops_ring, lemuel_crystal_altar, serial_shops, shop,
          minmay_misc_feat_pillars, uniq_harold
D:8:      layout_basic
D:9:      layout_loops_ring, uniq_psyche, uniq_maurice
D:10:     layout_stronghold, erik_lair_island, hiddenorc2_lemuel
D:11:     layout_gridville, enter_trove_3, serial_shops,
          nicolae_shop_behind_doors, grunt_dithmenos_smoke, uniq_snorg,
          uniq_erolcha
Temple:   regret_index_temple_waves
Lair:1:   layout_roguey, serial_bayou_shore_b, grunt_megastairs_5
Lair:2:   layout_regular_city, spider_nest_entry_rubble,
          chequers_serial_rivers_micro_b, serial_bayou_pond_a
Lair:3:   minmay_guarded_unrand_snakebite, layout_long_grid,
          minmay_swamp_entry_swarm, minivault_26, grunt_forest_small_clearings,
          beast_lair_carwin_4
Lair:4:   layout_gridlike, st_stairs_3, grunt_megastairs_4
Lair:5:   layout_regular_city, wad_woods_river_01
Lair:6:   grunt_lair_end_beastmaster, layout_loops_ring,
          minmay_slime_entry_pillars
Orc:1:    layout_diamond_mine, serial_shops, shop
Orc:2:    st_orc_open, layout_caves, basic_altar, minmay_orc_temple_a

Skill      XL: |  1  2  3  4  5  6  7  8  9 10 11 12 13 |
---------------+----------------------------------------+-----
Dodging        | 3 4 5 6 |  6.9
Fighting       | 3 4 5 |  5.1
Armour         | 1 2 4 5 6 8 9 10 11 | 11.9
Axes           | 4 7 9 11 12 13 15 | 15.2
Invocations    | 4 8 10 12 | 12.3
Throwing       | |  1.7

Action                   |  1- 3 |  4- 6 |  7- 9 | 10-12 | 13-15 || total
-------------------------+-------+-------+-------+-------+-------++-------
Melee: War axe           |   103 |   124 |   160 |       |       ||   387
       Headbutt          |     4 |    30 |    54 |   153 |    58 ||   299
       Battleaxe         |       |       |    87 |   589 |   271 ||   947
       Whip              |       |       |       |    34 |       ||    34
Throw: Dart              |       |     4 |       |    11 |       ||    15
Invok: Upheaval          |       |       |       |    15 |    15 ||    30
Evoke: Wand              |       |       |       |       |     4 ||     4
  Use: Potion            |     2 |       |     1 |     7 |       ||    10
       Scroll            |       |       |     3 |    11 |       ||    14
 Stab: Petrified         |       |       |       |       |    12 ||    12
  Eat: Chunk             |     2 |     8 |    11 |    25 |     5 ||    51
       Ration            |       |       |     1 |     3 |     1 ||     5
Armor: Leather armour    |    31 |     2 |       |       |       ||    33
       Ring mail         |       |    13 |       |       |       ||    13
       Chain mail        |       |    63 |    90 |   334 |   193 ||   680
       Plate armour      |       |       |    82 |    82 |       ||   164
Dodge: Dodged            |    92 |    74 |   103 |   312 |   175 ||   756
       Repelled          |       |       |       |     4 |     2 ||     6
Block: Other             |       |       |    12 |   145 |    68 ||   225
